Map: Beckett Industries LE

Players

Evilsmile

  • Race: Terran Terran
  • League: Silver

LagDragon - Winner!

  • Race: Terran Terran

VOD

Have the link to the VOD?

Description

Trying to get better in sc2 with cheese of course :D

Time

  • Played on: Aug. 22, 2021, 2:34 p.m.
  • Length: 16:40
Show
View Real Time Build Order
Export as new Build Order

Evilsmile Terran 

Build Orders:  

Get SALT Encoding   

  12  0:00  SCV  
  13  0:14  Supply Depot  
  13  0:19  SCV  
  14  0:31  SCV  
  15  0:37  Barracks  
  15  0:43  SCV  
  16  0:55  SCV  
  17  1:07  SCV  
  18  1:19  SCV  
  19  1:27  Command Center  
  19  1:29  Refinery  
  19  1:31  SCV  
  19  1:32  Marine  
  21  1:40  Supply Depot  
  21  1:44  SCV  
  22  1:49  Marine  
  23  2:02  SCV  
  23  2:07  Marine  
  25  2:12  Refinery  
  25  2:14  SCV  
  26  2:25  Marine  
  26  2:26  SCV  
  28  2:32  Factory  
  28  2:38  SCV  
  28  2:40  SCV  
  28  2:43  Marine  
  31  2:50  SCV  
  32  3:01  Marine  
  32  3:05  SCV x2  
  35  3:15  Factory Tech Lab  
  35  3:17  SCV x2  
  35  3:18  Marine  
  35  3:19  Starport  
  38  3:25  Engineering Bay  
  38  3:29  SCV x2  
  38  3:30  Engineering Bay  
  40  3:36  Marine, Siege Tank  
  38  3:54  Marine  
  39  4:02  SCV x2  
  41  4:14  SCV x2  
  43  4:22  Medivac  
  45  4:26  SCV  
  46  4:32  Refinery  
  46  4:38  SCV x2  
  44  4:43  Siege Tank  
  45  4:50  SCV  
  45  4:51  SCV  
  37  5:03  Marine  
  25  5:14  SCV x2  
  25  5:21  Marine  
  24  5:26  SCV x2  
  27  5:38  SCV  
  27  5:39  Marine  
  27  5:40  Siege Tank  
  32  5:50  SCV x2  
  32  5:56  Marine  
  35  6:02  SCV x2  
  37  6:06  Refinery  
  37  6:14  SCV, Marine  
  39  6:19  SCV  
  40  6:26  SCV  
  40  6:30  Terran Infantry Weapons Level 1  
  40  6:31  SCV  
  40  6:32  Marine  
  43  6:38  SCV  
  44  6:43  SCV  
  39  6:50  SCV, Marine  
  39  7:09  SCV x2  
  41  7:16  Siege Tank  
  41  7:17  Marine  
  41  7:21  SCV  
  46  7:31  SCV  
  46  7:41  Supply Depot  
  46  8:02  Marine  
  46  8:03  SCV x2  
  46  8:05  Supply Depot, Medivac  
  51  8:06  Siege Tank  
  54  8:16  Terran Infantry Armor Level 1  
  54  8:26  SCV x2, Marine  
  57  8:27  Supply Depot  
  57  8:35  Medivac  
  57  8:38  SCV x2  
  61  8:44  Marine  
  62  8:48  Siege Tank  
  62  8:49  Supply Depot  
  62  8:50  SCV x2  
  57  9:02  SCV x2, Marine  
  56  9:19  Marine  
  54  9:31  SCV x2  
  56  9:43  SCV x2  
  58  9:49  Armory  
  58  9:53  Armory  
  58  9:54  Armory  
  58  9:55  SCV x2  
  60  10:07  SCV x2, Marine  
  60  10:08  Siege Tank  
  60  10:09  Medivac  
  68  10:19  SCV x2  
  70  10:25  Marine  
  71  10:31  SCV x2  
  73  10:39  Medivac  
  73  10:40  Siege Tank  
  72  10:42  Marine  
  72  10:43  Sensor Tower  
  72  10:52  SCV x2  
  74  11:04  SCV x2  
  76  11:13  Marine  
  76  11:16  SCV  
  78  11:23  Supply Depot  
  78  11:24  Supply Depot  
  78  11:26  Supply Depot  
  78  11:27  Supply Depot  
  78  11:29  Supply Depot  
  78  11:30  Command Center  
  78  11:45  SCV x2, Marine, Siege Tank  
  84  11:57  SCV x2  
  86  12:01  Terran Vehicle Weapons Level 1  
  86  12:02  Command Center, Terran Vehicle And Ship Armor Level 1, Terran Ship Weapons Level 1  
  86  12:03  Terran Infantry Weapons Level 2  
  86  12:04  Terran Infantry Armor Level 2  
  86  12:07  Medivac  
  88  12:09  Marine  
  89  12:17  Siege Tank  
  92  12:27  Marine  
  92  13:00  SCV x2  
  94  13:12  SCV x2  
  96  13:17  Liberator  
  96  13:19  Marine  
  100  13:20  Siege Tank  
  100  13:24  SCV x2  
  105  13:29  SCV  
  106  13:36  SCV x2, Marine  
  106  13:39  Refinery  
  109  13:42  Refinery  
  109  13:51  SCV x3  
  112  13:59  Liberator  
  112  14:01  Terran Vehicle Weapons Level 2, Terran Vehicle And Ship Armor Level 2  
  115  14:03  SCV x2  
  115  14:04  SCV  
  118  14:15  SCV  
  118  14:16  SCV x2  
  121  14:19  Neosteel Armor  
  121  14:20  Hi-Sec Auto Tracking  
  121  14:27  SCV  
  121  14:28  SCV x2  
  124  14:40  SCV x3  
  129  14:47  Liberator  
  75  15:38  Liberator  
  55  15:58  Command Center  
Show
View Real Time Build Order
Export as new Build Order

LagDragon Terran - Winner!

Build Orders:  

Get SALT Encoding   

  12  0:09  Supply Depot  
  12  0:14  SCV  
  13  0:23  Refinery  
  13  0:35  Barracks  
  13  0:41  SCV  
  14  0:54  SCV  
  15  1:01  Barracks  
  15  1:06  SCV  
  16  1:23  Orbital Command  
  16  1:31  Reaper  
  17  1:38  Refinery  
  17  1:49  Reaper  
  17  1:51  Supply Depot  
  17  1:53  SCV  
  19  2:03  Reaper  
  20  2:09  Barracks  
  20  2:12  SCV  
  21  2:21  Reaper  
  22  2:32  SCV  
  22  2:35  Reaper  
  24  2:40  Barracks  
  24  2:44  SCV  
  25  2:53  Reaper  
  25  2:56  SCV  
  25  2:57  Reaper  
  28  3:08  SCV  
  28  3:10  Reaper  
  30  3:25  Reaper  
  31  3:50  Reaper  
  31  4:07  Supply Depot  
  31  4:09  Supply Depot  
  31  4:28  Supply Depot  
  31  4:29  Reaper x4  
  34  4:43  Command Center  
  31  5:01  Reaper x4  
  31  5:33  Reaper x4  
  32  6:05  Reaper x2  
  32  6:10  SCV  
  35  6:15  Reaper  
  36  6:20  SCV  
  36  6:22  SCV  
  38  6:32  SCV, Reaper  
  40  6:34  SCV  
  40  6:37  Reaper x2  
  40  6:44  SCV  
  40  6:46  SCV  
  39  6:47  Reaper  
  40  6:56  SCV  
  40  6:58  SCV  
  39  7:04  Reaper  
  38  7:08  SCV  
  38  7:09  Reaper x2  
  40  7:19  Reaper  
  40  7:21  SCV  
  40  7:22  SCV  
  43  7:33  SCV  
  43  7:34  SCV  
  43  7:36  Reaper  
  46  7:41  Reaper x2  
  48  7:45  SCV  
  50  7:51  Reaper  
  50  7:57  Barracks x2  
  50  7:58  Barracks x2  
  51  8:01  Refinery  
  51  8:03  Refinery  
  51  8:08  Orbital Command, Reaper  
  51  8:09  SCV  
  52  8:13  Reaper x2  
  54  8:21  SCV  
  54  8:24  Barracks Tech Lab  
  55  8:34  SCV  
  56  8:46  SCV  
  57  8:58  SCV  
  58  9:07  Reaper x2  
  58  9:08  Reaper x2  
  62  9:10  SCV  
  62  9:11  Stimpack  
  51  9:33  Reaper x3  
  51  9:34  Reaper  
  55  9:39  Reaper  
  55  9:40  Reaper  
  58  9:51  Command Center  
  58  9:52  Supply Depot  
  58  9:57  Barracks Reactor  
  57  10:03  Reaper  
  57  10:05  Reaper x2  
  60  10:11  Factory  
  60  10:14  Supply Depot, SCV  
  60  10:16  Reaper  
  60  10:17  Reaper x2  
  64  10:22  Engineering Bay  
  64  10:25  Engineering Bay  
  64  10:26  SCV  
  56  10:51  Marine x5  
  56  10:53  Terran Infantry Weapons Level 1  
  56  10:54  Terran Infantry Armor Level 1  
  61  10:57  Marine x4  
  65  11:05  Starport  
  65  11:08  Marine, Starport  
  65  11:09  Marine x4  
  70  11:12  SCV  
  70  11:14  SCV  
  70  11:15  SCV, Marine x4  
  77  11:19  Refinery  
  77  11:26  SCV, Marine x2  
  77  11:27  SCV, Marine x3  
  84  11:33  Marine x2  
  84  11:36  Starport  
  86  11:42  Planetary Fortress  
  86  11:44  Marine x2  
  86  11:45  SCV  
  86  11:46  SCV  
  90  11:49  Marine x2  
  90  11:50  Marine x3  
  90  11:51  Marine x2  
  90  11:52  Combat Shield  
  97  11:58  Medivac x2, Starport  
  101  12:08  Marine x5  
  106  12:13  Supply Depot  
  106  12:16  Supply Depot  
  106  12:17  Supply Depot  
  106  12:19  Supply Depot  
  106  12:25  Starport Reactor  
  106  12:32  Medivac x2  
  110  12:45  Armory, Marine x6  
  110  12:46  Marine x3  
  110  12:48  Medivac  
  121  13:02  Medivac x2  
  121  13:03  Marine x6  
  121  13:04  Marine x3  
  134  13:05  Medivac  
  134  13:06  Medivac  
  138  13:13  SCV x3  
  141  13:20  Refinery, Marine  
  141  13:21  Marine x6, Medivac  
  141  13:22  Marine x2  
  141  13:25  SCV x2  
  154  13:28  Concussive Shells  
  154  13:32  Medivac  
  156  13:34  Terran Infantry Weapons Level 2  
  156  13:38  Marine  
  157  13:41  Terran Infantry Armor Level 2  
  157  14:21  Supply Depot x2  
  157  14:23  Supply Depot  
  157  14:34  Command Center  
  157  14:35  Starport Tech Lab  
  157  14:42  SCV, Marine x3, Medivac x2  
  157  14:43  Marine x6, Medivac  
  173  14:47  Medivac  
  175  15:00  Marine x4  
  176  15:12  Medivac  
  167  15:39  Marine x2  
  167  15:40  Marine x7  
  167  15:42  Medivac x4  
  170  15:57  Marine x3  
  170  16:04  Marine x6  
  179  16:15  Marine x3  
Tags
 
Add a new tag
Caveats
  • Supply blocks, unpowered buildings, or Contaminate may cause inaccurate times.
  • Supply counts are checked every 10 seconds.